cohdb
Replays
Latest Replays
All Replays
Popular Replays
Top Player Replays
Match Explorer
How It Works
Community
CoH3 Stats
Reddit
Sign in to upload your games and track your stats! →
Sign in with Steam
Match 46107252
Unlisted
Match 46107252
Overview
Messages
Build Orders
End
Scout Squad
Construct Barracks
1⁄4-ton 4x4 Truck
Selects Armored Battlegroup
Selects Veteran Crews
Riflemen Squad
Riflemen Squad
Engineer Squad
Riflemen Squad
Construct Medical Station
Infantry Support Center
Construct Motor Pool
Selects Fast Deploy
Selects Field Repairs
M8 Greyhound Armored Car
M8 Greyhound Armored Car
M1 Mortar Team
stmodst
MasterStef
0
0
Comments
sign in to comment!
No comments posted yet!